 Dungeon Crawl Stone Soup version 0.25-a0-100-g33052ceff8 (webtiles) character file.

Game seed: 12648073208703406631, levelgen mode: deterministic

704847 bmfx the Impregnable (level 27, -2/268 HPs)
             Began as a Minotaur Skald on Nov 14, 2019.
             Was a Follower of Uskayaw.
             Killed from afar by a black draconian (28 damage)
             ... with a bolt of lightning
             ... on level 5 of the Realm of Zot.
             The game lasted 03:11:09 (88969 turns).

bmfx the Impregnable (Minotaur Skald)              Turns: 88969, Time: 03:11:10

Health: -2/268     AC: 52    Str: 22 (23) XL:     27
Magic:  4/10       EV: 18    Int: 17      God:    Uskayaw [*.....]
Gold:   8131       SH:  0    Dex: 14      Spells: 25/28 levels left

rFire    + . .     SeeInvis .   D - +10 battleaxe "Ifiuwed" {antimagic, *Contam rPois rF+ rN++}
rCold    . . .     Gourm    .   (shield currently unavailable)
rNeg     + + .     Faith    .   s - +9 crystal plate armour
rPois    +         Spirit   .   V - +2 hat
rElec    .         Reflect  .   W - +1 cloak
rCorr    .         Harm     .   T - +2 pair of gloves
MR       +++..                  v - +2 pair of boots
Stlth    ..........             K - amulet of Uten {Regen+ Int+5 Slay+6 Stlth-}
HPRegen  0.94/turn              X - ring of protection from fire
MPRegen  0.12/turn              r - ring "Nyrphit" {MR+ Int+2}

@: fire vulnerable, no potions
A: retaliatory headbutt, horns 2, rugged brown scales 1, deterioration 2, low mp
1, weak 1, subdued magic 1, sturdy frame 1
}: 3/15 runes: serpentine, barnacled, silver
a: Stomp, Renounce Religion


You were on level 5 of the Realm of Zot.
You worshipped Uskayaw.
Uskayaw was greatly pleased with you.
You were not hungry.

You visited 10 branches of the dungeon, and saw 52 of its levels.
You visited the Abyss 1 time.
You also visited: Sewer, Ice Cave and Desolation.

You collected 10506 gold pieces.
You spent 2375 gold pieces at shops.


Innate Abilities, Weirdness & Mutations

You reflexively headbutt those who attack you in melee.
You have a pair of horns on your head.
You are partially covered in rugged brown scales. (AC +1, +3% HP)
Your body often deteriorates upon taking damage.
Your magical capacity is low. (-10% MP)
You are weak. (Str -2)
Your spells are a little easier to cast, but a little less powerful.
Your movements are slightly less encumbered by armour. (ER -2)

Dungeon Overview and Level Annotations

Branches:
Dungeon (15/15)            Temple (0/1) D:7            Lair (6/6) D:9
 Shoals (4/4) Lair:3        Snake (4/4) Lair:4        Slime (0/5) Lair:5
    Orc (2/2) D:9             Elf (3/3) Orc:2        Vaults (5/5) D:14
  Crypt (3/3) Vaults:2       Tomb (0/3) Crypt:3      Depths (5/5) D:15
    Zot (5/5) Depths:5      Sewer (visited)           IceCv (visited)
Desolation (visited)

Altars:
Ashenzari
Cheibriados
Dithmenos
Elyvilon
Gozag
Hepliaklqana
Kikubaaqudgha
Makhleb
Okawaru
Qazlal
Ru
Sif Muna
Trog
Uskayaw
Xom
Yredelemnul
The Shining One

Shops:
D:5 !   D:7 *   D:8 %   D:9 (   D:10 }   Orc:1 (   Orc:2 [*(:   Elf:2 [
Elf:3 *(   Vaults:2 (   Vaults:3 !   Vaults:4 (

Portals:
Hell: Depths:1 Depths:2 Depths:3 Depths:4 Depths:5
Abyss: Depths:1 Depths:4
Pandemonium: Depths:3
Ziggurat: Depths:3

Annotations:
Snake:2 Roxanne
Snake:3 3 runed translucent doors, Musoz's ghost, adept MfIE; Suukk's ghost, adept MfIE
Zot:4 3 runed translucent doors, Ipsuc's ghost, master SpCK


   Skills:
 - Level 24.0 Fighting
 - Level 20.0 Axes
 + Level 23.7 Throwing
 - Level 24.0 Armour
 - Level 24.0 Dodging
   Level 8.1 Shields
 - Level 1.3 Spellcasting
 - Level 2.0 Charms
 - Level 20.0 Invocations
 - Level 8.1 Evocations


You had 25 spell levels left.
You knew the following spells:

 Your Spells              Type           Power        Failure   Level  Hunger
A - Infusion              Chrm           #...         54%         1    ##.....
B - Song of Slaying       Chrm           #.......     71%         2    ###....

Your spell library contained the following spells:

 Spells                   Type           Power        Failure   Level  Hunger
 Animate Skeleton         Necr           N/A          83%         1    ##.....
 Apportation              Tloc           #.....       83%         1    ##.....
 Beastly Appendage        Tmut           #.....       83%         1    ##.....
 Confusing Touch          Hex            #.....       83%         1    ##.....
 Corona                   Hex            #......      83%         1    ##.....
 Flame Tongue             Conj/Fire      #....        83%         1    ##.....
 Freeze                   Ice            #...         83%         1    ##.....
 Magic Dart               Conj           #...         83%         1    ##.....
 Sandblast                Erth           #.....       83%         1    ##.....
 Summon Butterflies       Summ           #.......     83%         1    ##.....
 Summon Small Mammal      Summ           #...         83%         1    ##.....
 Shroud of Golubria       Chrm/Tloc      #.....       83%         2    ###....
 Ensorcelled Hibernation  Hex/Ice        #.....       93%         2    ###....
 Passwall                 Tmut/Erth      #.......     93%         2    ###....
 Searing Ray              Conj           #.....       93%         2    ###....
 Slow                     Hex            #.......     93%         2    ###....
 Sticks to Snakes         Tmut           #.......     93%         2    ###....
 Sublimation of Blood     Necr           #.........   93%         2    ###....
 Throw Flame              Conj/Fire      #.....       93%         2    ###....
 Throw Frost              Conj/Ice       #.....       93%         2    ###....
 Ozocubu's Armour         Chrm/Ice       #.......     97%         3    ####...
 Regeneration             Chrm/Necr      #.........   97%         3    ####...
 Spectral Weapon          Hex/Chrm       #.......     97%         3    ####...
 Call Canine Familiar     Summ           #.......     99%         3    ####...
 Confuse                  Hex            #.......     99%         3    ####...
 Conjure Flame            Conj/Fire      #.......     99%         3    ####...
 Dazzling Spray           Conj/Hex       #.....       99%         3    ####...
 Ignite Poison            Fire/Tmut/Pois #.......     99%         3    ####...
 Inner Flame              Hex/Fire       #.......     99%         3    ####...
 Lesser Beckoning         Tloc           #.........   99%         3    ####...
 Portal Projectile        Hex/Tloc       #.....       99%         3    ####...
 Recall                   Summ/Tloc      N/A          99%         3    ####...
 Stone Arrow              Conj/Erth      #.....       99%         3    ####...
 Tukima's Dance           Hex            #.......     99%         3    ####...
 Cause Fear               Hex            #.........   100%        4    #####..
 Force Lance              Conj/Tloc      #.......     100%        4    #####..
 Fulminant Prism          Conj/Hex       #.........   100%        4    #####..
 Ice Form                 Ice/Tmut       #.......     100%        4    #####..
 Iskenderun's Mystic Bla  Conj           #.......     100%        4    #####..
 Leda's Liquefaction      Hex/Erth       #.........   100%        4    #####..
 Petrify                  Tmut/Erth      #.......     100%        4    #####..
 Sticky Flame             Conj/Fire      #.......     100%        4    #####..
 Summon Ice Beast         Ice/Summ       #.......     100%        4    #####..
 Throw Icicle             Conj/Ice       #.......     100%        4    #####..
 Alistair's Intoxication  Tmut/Pois      #.......     100%        5    ######.
 Aura of Abjuration       Summ           #.........   100%        5    ######.
 Bolt of Magma            Conj/Fire/Erth #.........   100%        5    ######.
 Borgnjor's Vile Clutch   Necr/Erth      #.........   100%        5    ######.
 Excruciating Wounds      Chrm/Necr      #.........   100%        5    ######.
 Fireball                 Conj/Fire      #.........   100%        5    ######.
 Irradiate                Conj/Tmut      #.........   100%        5    ######.
 Iskenderun's Battlesphe  Conj/Chrm      #.......     100%        5    ######.
 Lee's Rapid Deconstruct  Erth           #.........   100%        5    ######.
 Metabolic Englaciation   Hex/Ice        #.........   100%        5    ######.
 Silence                  Hex/Air        #.........   100%        5    ######.
 Summon Demon             Summ           #.........   100%        5    ######.
 Summon Forest            Summ/Tloc      #.........   100%        5    ######.
 Summon Mana Viper        Hex/Summ       #.......     100%        5    ######.
 Venom Bolt               Conj/Pois      #.........   100%        5    ######.
 Yara's Violent Unravell  Hex/Tmut       #.........   100%        5    ######.
 Bolt of Cold             Conj/Ice       #.........   100%        6    #######
 Death Channel            Necr           #.........   100%        6    #######
 Deflect Missiles         Chrm/Air       #.........   100%        6    #######
 Freezing Cloud           Conj/Ice/Air   #.........   100%        6    #######
 Iron Shot                Conj/Erth      #.........   100%        6    #######
 Ozocubu's Refrigeration  Ice            #.........   100%        6    #######
 Shadow Creatures         Summ           N/A          100%        6    #######
 Simulacrum               Ice/Necr       #.........   100%        6    #######
 Haunt                    Necr/Summ      #.........   100%        7    #######
 Orb of Destruction       Conj           #.........   100%        7    #######
 Spellforged Servitor     Conj/Summ      #.........   100%        7    #######
 Summon Hydra             Summ           #.........   100%        7    #######
 Borgnjor's Revivificati  Necr           #.........   100%        8    #######
 Controlled Blink         Tloc           N/A          100%        8    #######
 Death's Door             Chrm/Necr      #.........   100%        8    #######
 Discord                  Hex            #.........   100%        8    #######
 Infestation              Necr           #.........   100%        8    #######
 Necromutation            Tmut/Necr      #.........   100%        8    #######

Action                   |  1- 3 |  4- 6 |  7- 9 | 10-12 | 13-15 | 16-18 | 19-21 | 22-24 | 25-27 || total
-------------------------+-------+-------+-------+-------+-------+-------+-------+-------+-------++-------
Melee: Hand axe          |   125 |   146 |   411 |   446 |       |       |       |       |       ||  1128
       Headbutt          |    10 |    17 |    80 |   132 |   127 |   256 |   267 |   416 |   342 ||  1647
       Battleaxe         |       |       |       |   303 |   798 |  1303 |  1238 |  1486 |  1155 ||  6283
 Fire: Hunting sling     |       |    38 |    12 |       |       |       |       |       |       ||    50
Throw: Stone             |     1 |     3 |    13 |     8 |       |       |       |       |       ||    25
       Javelin           |       |    21 |    22 |    24 |    61 |    47 |     6 |    36 |   200 ||   417
       Boomerang         |       |       |    86 |    73 |   368 |    78 |     2 |    74 |   144 ||   825
       Dart              |       |       |    49 |   120 |     1 |     4 |       |       |     3 ||   177
 Cast: Infusion          |     1 |       |       |       |       |       |       |       |       ||     1
Invok: Grand Finale      |       |       |       |       |       |     2 |     7 |     9 |     9 ||    27
Evoke: Wand              |       |       |       |    20 |    17 |    11 |    11 |     3 |     7 ||    69
       Lightning rod     |       |       |       |       |     9 |       |     9 |     4 |     5 ||    27
       Lamp of fire      |       |       |       |       |     1 |     1 |     2 |     1 |     1 ||     6
       Phial of floods   |       |       |       |       |       |       |       |       |     1 ||     1
  Use: Scroll            |       |     2 |    10 |    17 |     9 |     8 |    16 |    11 |    15 ||    88
       Potion            |       |     4 |     2 |     3 |     5 |    20 |     3 |     1 |    24 ||    62
 Stab: Paralysed         |       |     1 |    10 |    57 |   108 |   138 |   228 |   251 |   223 ||  1016
       Invisible         |       |       |       |     1 |     2 |     1 |     6 |       |       ||    10
       Distracted        |       |       |       |       |       |     1 |       |     1 |     1 ||     3
       Petrified         |       |       |       |       |       |       |       |     1 |       ||     1
  Eat: Chunk             |     3 |     8 |    16 |    26 |    30 |    25 |    31 |    17 |    23 ||   179
       Ration            |       |       |     4 |     2 |     3 |    10 |     5 |     9 |     6 ||    39
Armor: Leather armour    |    13 |       |       |       |       |    15 |       |       |       ||    28
       Scale mail        |    14 |    76 |   112 |    25 |       |       |       |       |       ||   227
       Plate armour      |       |       |       |   356 |   432 |    46 |   285 |       |       ||  1119
       Chain mail        |       |       |       |       |    26 |   458 |       |       |       ||   484
       Crystal plate arm |       |       |       |       |       |       |   264 |  1004 |   994 ||  2262
Dodge: Dodged            |    73 |    95 |   115 |   126 |   248 |   656 |   467 |   594 |   701 ||  3075
Block: Large shield      |       |       |   217 |   330 |       |       |       |       |       ||   547

Skill      XL: |  1  2  3  4  5  6  7  8  9 10 11 12 13 14 15 16 17 18 19 20 21 22 23 24 25 26 27 |
---------------+----------------------------------------------------------------------------------+-----
Fighting       | 3 4 5 6 7 8 10 14 15 17 20 22 24 | 24.0
Axes           | 3 4 5 6 7 8 11 13 16 20 | 20.0
Throwing       | 1 3 4 10 15 16 18 23 | 23.7
Shields        | 7 8 |  8.1
Invocations    | 6 8 10 13 15 19 20 | 20.0
Armour         | 4 8 12 15 18 22 24 | 24.0
Evocations     | 1 7 8 |  8.1
Dodging        | 8 13 15 20 24 | 24.0
Spellcasting   | |  1.3
Charms         | |  2.0

Inventory:

Hand Weapons
 D - the +10 battleaxe "Ifiuwed" (weapon) {antimagic, *Contam rPois rF+ rN++}
   (You acquired it on level 10 of the Dungeon)

   It reduces the magical energy of the wielder, and disrupts the spells and
   magical abilities of those hit.
   Natural abilities and divine invocations are not affected.
   It protects you from fire.
   It protects you from poison.
   It greatly protects you from negative energy.
   It causes magical contamination when unequipped.
Missiles
 c - 9 throwing nets {!f}
 q - 47 javelins
 t - 66 boomerangs
 J - 7 silver javelins (quivered)
 U - 16 curare-tipped darts
Armour
 s - a +9 crystal plate armour (worn)
 v - a +2 pair of boots (worn)
 T - a +2 pair of gloves (worn)
 V - a +2 hat (worn)
 W - a +1 cloak (worn)
Jewellery
 r - the ring "Nyrphit" (right hand) {MR+ Int+2}
   (You found it on level 5 of the Vaults)

   [ring of protection from magic]

   It affects your intelligence (+2).
   It affects your resistance to hostile enchantments.
 H - an uncursed ring of protection from cold
 K - the amulet of Uten (around neck) {Regen+ Int+5 Slay+6 Stlth-}
   (You found it on level 3 of the Crypt)

   [amulet of regeneration]

   It affects your intelligence (+5).
   It affects your accuracy and damage with ranged weapons and melee attacks
   (+6).
   It increases your rate of regeneration.
   It makes you less stealthy.
 M - an uncursed ring of resist corrosion
 N - an uncursed ring of protection from magic
 X - a ring of protection from fire (left hand)
Wands
 a - a wand of enslavement (31)
 j - a wand of iceblast (15)
 n - a wand of acid (36)
 w - a wand of paralysis (38)
 G - a wand of digging (24)
 S - a wand of clouds (7)
Scrolls
 e - 8 scrolls of fog
 g - 24 scrolls of remove curse {@r4}
 u - 26 scrolls of teleportation {@r1}
 y - 2 scrolls of magic mapping
 z - 5 scrolls of immolation
 A - 5 scrolls of fear
 Q - 7 scrolls of holy word
 R - 7 scrolls of identify {@r3}
 Y - 2 scrolls of silence
Potions
 h - 6 potions of might
 k - 10 potions of heal wounds {@q1}
 l - 5 potions of agility
 m - 7 potions of flight
 p - 16 potions of brilliance
 x - 5 potions of cancellation
 B - 21 potions of curing {@q2}
 F - 7 potions of haste {@q4}
 P - 2 potions of resistance
 Z - 4 potions of invisibility
Miscellaneous
 f - a phial of floods (inert)
 E - a lightning rod (4/4)
 I - a lamp of fire
 L - 3 boxes of beasts
 O - a fan of gales
Comestibles
 d - 55 rations

,*#▓▓▓▓▓▓▓▓▓▓▓# #▓▓
,,..≈≈≈...▓▓▓▓ ▓▓
,,..≈≈..XE.[.▓## ##▓.
,,^.≈≈≈..DD....## ##...
,,.......○○°D...# ▓▓▓▓▓▓▓▓▓ #^...
,,......^○○○D...▓▓▓.^.....▓▓▓....
,,D..(...○☼°.$..▓▓....^....▓▓....
,,p..(..(.......▓...........▓....
,,D^.......(..(.@.....0.......^..
,,,........^....▓...........▓....
,,,,,.^.........▓▓...^.....▓▓....
,,,,,........^.d▓▓▓.^.....▓▓▓....
,,,,,...........▓ ▓▓▓▓▓▓▓▓▓ ▓....
,,,,,.........$▓▓ ▓▓...
,,,,,,,,.....▓▓* ▓▓▓.
,,,,,,,,,.▓▓▓* ▓▓ ***********


You could see a black draconian, a quicksilver dragon, a friendly shadow dragon,
a friendly golden dragon, a friendly storm dragon and a friendly water
elemental.

Vanquished Creatures
  8 orbs of fire
  Mara (Vaults:4)
  2 juggernauts
  4 ancient liches
  A greater mummy (Crypt:1)
  3 Killer Klowns
  Bai Suzhen (Snake:3)
  4 curse toes (Zot:5)
  A caustic shrike (Depths:4)
  Saint Roka (Vaults:2)
  2 electric golems (Zot:5)
  2 bone dragons
  6 golden dragons
  Nikola (Depths:2)
  Jorgrun (D:14)
  11 tentacled monstrosities
  24 Orb Guardians (Zot:5)
  7 liches
  2 Ice Fiends (IceCv)
  Asterion (Elf:3)
  4 deep elf master archers (Elf:3)
  9 titans
  4 deep elf blademasters
  9 quicksilver dragons
  A tentacled starspawn (Abyss:3)
  A kraken (Shoals:2)
  5 ancient champions
  11 death cobs
  11 shadow dragons
  5 sphinxes
  13 tengu reavers
  Kirke (Snake:3)
  13 storm dragons
  9 fire giants
  11 nagarajas
  6 draconian monks
  Ilsuiw (Shoals:4)
  4 revenants (Crypt:3)
  5 draconian knights
  4 iron dragons
  15 frost giants
  8 deep elf sorcerers
  Aizul (Snake:3)
  4 draconian scorchers
  An imperial myrmidon (Desolation)
  An orc warlord (Vaults:5)
  8 vault wardens
  6 ghost moths
  3 draconian shifters
  A balrug (Depths:5)
  A curse skull (Crypt:3)
  3 deep elf elementalists (Elf:3)
  8 draconian stormcallers
  13 ghouls
  15 ironheart preservers
  A reaper (Abyss:3)
  24 stone giants
  2 spriggan defenders
  36 very ugly things
  4 draconian annihilators
  3 war gargoyles (Vaults:5)
  3 deep elf demonologists
  A juggernaut skeleton (Depths:1)
  14 green draconians
  7 vampire knights
  A dire elephant (Lair:3)
  6 deep elf annihilators
  12 yellow draconians
  2 halazid warlocks (Desolation)
  A spectral titan (Crypt:3)
  14 purple draconians
  14 red draconians
  15 white draconians
  9 spark wasps
  6 deep elf death magi
  9 black draconians
  9 eidola
  The ghost of Riadimal the Evangelist, a journeyman HOFi of Beogh (D:13)
  Snorg (Lair:5)
  6 death oozes (Crypt:1)
  5 merfolk javelineers
  18 ettins
  A spectral quicksilver dragon (Crypt:3)
  A fire dragon (shapeshifter) (Vaults:5)
  2 crystal guardians
  22 yaktaur captains
  5 merfolk impalers
  A green death (Abyss:3)
  18 fire dragons
  A quicksilver dragon zombie (Vaults:5)
  7 jiangshi
  8 great orbs of eyes
  9 ragged hierophants (Desolation)
  19 naga warriors
  5 spectral shadow dragons (Crypt:3)
  5 deep elf high priests
  10 ogre magi
  26 vault guards
  9 hydras
  5 servants of whispers (Desolation)
  13 ice dragons
  2 rakshasas
  15 anacondas
  Erolcha (D:10)
  10 centaur warriors
  3 merfolk avatars
  A catoblepas (D:13)
  5 spriggan air magi
  3 death knights
  21 two-headed ogres
  9 peacekeepers
  A spectral frost giant (Crypt:3)
  26 dancing weapons
  7 merfolk aquamancers
  A satyr (Shoals:2)
  4 deep troll shamans
  6 tengu warriors
  7 death yaks (Lair:6)
  12 naga sharpshooters
  5 vampire magi
  2 thrashing horrors (Abyss:3)
  2 orc high priests
  A shock serpent (shapeshifter) (Vaults:5)
  5 deep troll earth magi
  A spectral dire elephant (Crypt:3)
  2 sun demons (Depths:5)
  5 soul eaters
  4 spriggan berserkers
  A shock serpent (Snake:4)
  A spectral storm dragon (Crypt:3)
  A storm dragon zombie (Crypt:1)
  A sixfirhy (Abyss:3)
  A titan zombie (Crypt:1)
  21 deep elf knights
  A spatial maelstrom (Abyss:3)
  8 salamander mystics
  3 wretched stars (Abyss:3)
  30 skeletal warriors
  A spectral catoblepas (Crypt:3)
  A golden dragon zombie (Abyss:3)
  8 shadow wraiths
  14 hell knights
  13 wizards
  3 death drakes
  A quicksilver dragon simulacrum (Crypt:3)
  11 sea snakes
  23 deep trolls
  A ghost moth zombie (Crypt:1)
  A spectral anaconda (Crypt:3)
  11 flayed ghosts
  A lindwurm (shapeshifter) (Depths:1)
  4 naga ritualists
  An orange crystal statue (D:13)
  2 unseen horrors
  A swamp dragon (Lair:6)
  A spectral hydra (Crypt:3)
  10 deep elf archers
  2 shadow dragon zombies
  19 phantasmal warriors
  17 ironbrand convokers
  3 glowing orange brains
  A spectral wolf spider (Crypt:3)
  3 lindwurms
  18 orc knights
  A spectral iron dragon (Crypt:3)
  6 necromancers
  75 deep elf magi
  7 mana vipers
  13 harpies
  3 wolf spiders
  14 salamanders
  A wolf spider zombie (Crypt:1)
  An orb spider (shapeshifter) (Elf:1)
  A spectral fire dragon (Crypt:3)
  A stone giant zombie (Depths:1)
  3 orc sorcerers
  A fire giant zombie (Crypt:1)
  A spectral alligator (Crypt:3)
  7 fauns
  A faun (shapeshifter) (Vaults:5)
  A wolf spider (shapeshifter) (Vaults:5)
  3 shadow dragon skeletons
  An iron dragon zombie (Crypt:1)
  11 manticores
  24 moths of wrath
  A salamander (shapeshifter) (Depths:4)
  45 ugly things
  A moth of wrath (shapeshifter) (Vaults:4)
  3 elephants (shapeshifter)
  6 elephants (Lair:6)
  2 ice statues (IceCv)
  9 merfolk sirens
  12 cyclopes
  14 vault sentinels
  20 guardian serpents
  16 naga magi
  6 water nymphs
  A dire elephant zombie (Crypt:2)
  A guardian serpent (shapeshifter) (Depths:4)
  A rust devil (Depths:4)
  39 black mambas
  8 torpor snails
  An orange demon (Abyss:3)
  A red draconian zombie (Zot:2)
  12 spiny frogs
  A storm dragon simulacrum (Crypt:3)
  5 spectral swamp worms (Depths:2)
  A pale draconian zombie (Crypt:1)
  A yaktaur (shapeshifter) (Depths:1)
  2 kobold demonologists
  74 yaktaurs
  4 guardian mummies
  2 rime drakes
  19 freezing wraiths
  6 komodo dragons
  A hellwing (Abyss:3)
  A spectral harpy (Crypt:3)
  An alligator snapping turtle skeleton (Crypt:2)
  A spectral merfolk (Crypt:3)
  8 tengu conjurers
  A purple draconian skeleton (Crypt:2)
  13 ice devils (IceCv)
  15 trolls
  A wind drake (Shoals:1)
  A meliai (shapeshifter) (Vaults:5)
  A jumping spider (shapeshifter) (Elf:1)
  2 harpy zombies
  27 merfolk
  A queen bee (D:7)
  3 ancient zymes (Abyss:3)
  10 polar bears
  An iron troll skeleton (Crypt:3)
  2 hornets
  A raiju (shapeshifter) (Depths:2)
  A shadow dragon simulacrum (Crypt:3)
  A sphinx simulacrum (Vaults:5)
  6 bog bodies
  A hornet (shapeshifter) (Depths:4)
  6 raiju (Lair:6)
  8 snapping turtles
  24 slime creatures
  2 human simulacra
  20 blink frogs
  2 ice dragon zombies
  49 saltlings (Desolation)
  A frost giant simulacrum (Vaults:2)
  2 dream sheep (shapeshifter)
  9 dream sheep
  9 hippogriffs
  A harpy skeleton (Crypt:1)
  A redback (Snake:2)
  5 flying skulls
  3 spriggans
  A black mamba zombie (Crypt:1)
  3 tarantellas (shapeshifter)
  2 air elementals
  12 wraiths
  2 shadows
  A fire dragon skeleton (Depths:1)
  A spriggan (shapeshifter) (Abyss:3)
  3 wyverns
  29 water elementals
  A ynoxinul (Abyss:3)
  A hog (shapeshifter) (Vaults:2)
  A fire bat (shapeshifter) (Depths:2)
  8 large abominations
  A black mamba skeleton (Crypt:1)
  31 yaks
  Grum (D:10)
  A fire elemental (Elf:1)
  2 humans (shapeshifter)
  7 basilisks
  A steam dragon (Lair:6)
  2 chaos spawn (Depths:1)
  3 hogs (Snake:3)
  A minotaur simulacrum (Crypt:3)
  A hungry ghost (D:6)
  6 vampire mosquitoes
  57 nagas
  A swamp worm (shapeshifter) (Depths:2)
  11 wargs
  2 faun zombies (Crypt:2)
  5 acid dragons
  A soldier ant (shapeshifter) (Elf:3)
  A spatial vortex (Abyss:3)
  11 hell hounds (Lair:6)
  A gelid demonspawn zombie (Crypt:2)
  2 spectral snapping turtles (Crypt:3)
  19 porcupines
  32 water moccasins
  A floating eye (Depths:5)
  4 ice beasts
  A meliai simulacrum (D:14)
  3 swamp drakes
  38 orc warriors
  5 necrophages
  4 sky beasts
  12 black bears
  31 ogres
  An eye of draining (shapeshifter) (Vaults:5)
  6 starcursed masses (Abyss:3)
  9 boggarts
  A deep troll simulacrum (Depths:1)
  36 wolves
  A lindwurm skeleton (Crypt:2)
  12 centaurs
  A rime drake zombie (Crypt:1)
  12 crocodiles
  17 big kobolds
  A draconian zombie (Crypt:3)
  11 bullfrogs
  An earth elemental (Elf:2)
  A glowing shapeshifter simulacrum (Vaults:5)
  An elf simulacrum (Vaults:1)
  5 scorpions
  A troll zombie (Crypt:1)
  A shapeshifter zombie (Crypt:3)
  20 killer bees (D:8)
  10 wights
  5 electric eels
  5 howler monkeys
  11 crimson imps
  5 bullfrog zombies
  6 small abominations
  2 human zombies (Crypt:1)
  6 hounds
  3 quasits
  An iron imp (Abyss:3)
  2 bullfrog skeletons
  8 jellies
  A basilisk zombie (Crypt:1)
  2 gnoll shamans
  19 orc priests
  9 centaur skeletons
  5 iguanas
  29 orc wizards
  6 worker ants
  A tengu zombie (Crypt:3)
  A crocodile skeleton (Crypt:3)
  A naga skeleton (Crypt:3)
  A hound zombie (D:5)
  2 hound skeletons
  6 mummies (Crypt:1)
  A howler monkey zombie (D:2)
  2 worker ant zombies
  12 gnolls
  20 adders
  2 howler monkey skeletons
  An ogre simulacrum (Crypt:3)
  A steam dragon skeleton (Crypt:2)
  11 shadow imps
  A swamp drake skeleton (Crypt:1)
  10 white imps (IceCv)
  4 ufetubi (IceCv)
  10 oozes
  A worm zombie (Crypt:3)
  3 adder skeletons
  4 adder zombies (D:2)
  A lava snake skeleton (Crypt:1)
  5 worms
  A dart slug (D:2)
  6 leopard geckos
  121 orcs
  7 giant cockroaches
  8 goblins
  10 hobgoblins
  12 jackals
  8 quokkas
  13 ball pythons
  8 bats
  A dart slug zombie (Crypt:3)
  7 frilled lizards
  A giant cockroach zombie (D:2)
  2 jackal skeletons
  69 kobolds
  8 kobold skeletons
  12 kobold zombies
  A leopard gecko skeleton (D:2)
  A leopard gecko zombie (D:2)
  A quokka zombie (Crypt:1)
  15 rats
  6 fungi
  18 plants
  2 tentacles (Shoals:2)
2897 creatures vanquished.

Vanquished Creatures (collateral kills)
  A Killer Klown (Zot:5)
  An orc priest (Orc:2)
2 creatures vanquished.

Vanquished Creatures (others)
  A ghost moth (Zot:4)
  A rakshasa (Depths:2)
  A hell knight (Depths:1)
  4 deep elf magi
  An orc warrior (Vaults:5)
  A boggart (Vaults:3)
  2 white imps (IceCv)
  2 ufetubi (IceCv)
  55 fungi
  67 plants
  4 starspawn tentacles (Abyss:3)
  2 tentacles (Shoals:2)
  25 withered plants
166 creatures vanquished.

Grand Total: 3065 creatures vanquished

Levels and vault maps discovered:
D:1:      minmay_arrival_wavy_path, layout_rooms, minmay_misc_feat_plants,
          dk_noncrumbling_3, minmay_misc_feat_tower
D:2:      layout_rooms, marbit_many_paths, eat_drink_and_be_merry_uskayaw,
          serial_undead, serial_undead_d, serial_undead_d, serial_undead_c,
          serial_undead_a
D:3:      layout_loops_corners, lemuel_crystal_altar, minmay_quadrilaterals
D:4:      layout_loops_corners, kennysheep_mini,
          gammafunk_temple_overflow_statue
D:5:      layout_loops_ring, cheibrodos_ashenzari_chains,
          cheibrodos_sewer_entry_bend, serial_shops, kennysheep_little_box,
          first_ration
D:6:      layout_loops_cross, nicolae_overflow_crystal_walls, serial_rivers,
          chequers_serial_rivers_micro_b, chequers_serial_rivers_marsh,
          chequers_serial_rivers_large_a, chequers_serial_rivers_micro_c,
          chequers_serial_rivers_small_3
D:7:      layout_cave_pods, grunt_temple_overflow_open,
          minmay_temple_entry_water_ring, serial_shops, shop
D:8:      layout_basic, serial_shops, shop, david_nohive_1,
          nicolae_gozag_cash_rules_everything_around_me
D:9:      layout_roguey, due_lair_maze_entry_diamond, erik_orc_1, serial_shops,
          kennysheep_mini_moat, grunt_dithmenos_smoke_and_mirrors
D:10:     wander_kiku_kobolds, layout_long_grid, serial_shops, shop,
          uniq_erolcha, uniq_grum
D:11:     layout_roguey, basic_altar
D:12:     layout_stronghold
D:13:     layout_basic, gammafunk_ghost_arena, minmay_statue_crystal_thing
D:14:     layout_roguey, erik_vaults_1, grunt_decor_mini_mirrors, basic_altar,
          kb_tengu_band, uniq_jorgrun
D:15:     hangedman_depths_entry_civil_slaughter, layout_irregular_city,
          grunt_decor_resistance, palyth_stone_intersect
Lair:1:   layout_big_grid, serial_forest, infiniplex_forest_end_1,
          infiniplex_forest_clump_small, infiniplex_forest_lined_room_3,
          infiniplex_forest_clump_double, infiniplex_forest_diagonal,
          infiniplex_forest_lined_4_way, infiniplex_forest_clump_double
Lair:2:   layout_cave_pods, serial_bayou_pond_e
Lair:3:   layout_gridlike, elwin_shoals_entry_stream,
          grunt_forest_large_clearing_hut, grunt_megastairs_4
Lair:4:   dragon1_lemuel, layout_regular_city, minmay_snake_entry_six_corridors
Lair:5:   layout_regular_city, minmay_slime_entry_pillars,
          nicolae_quartered_pool_super, chequers_serial_rivers_room_b,
          grunt_megastairs_1, infiniplex_staircase_pool_2, uniq_snorg
Lair:6:   hangedman_lair_caniforms_friends, layout_concentric_octagons,
          guppyfry_lair_end_dragon, grunt_megastairs_3
Shoals:1: layout_shoals, portal_ice_cave_entry_frozen_things
Shoals:2: layout_shoals
Shoals:3: layout_shoals
Shoals:4: shoals_end_hangedman, layout_shoals, shoals_ilsuiw_alternative
Snake:1:  layout_grid_shapes, serial_bayou_lagoon_a,
          nrook_guardian_serpent_ordinary, serial_bayou_shore_b
Snake:2:  layout_gridlike, nicolae_snake_horde_hoard, uniq_roxanne
Snake:3:  layout_misc_corridors, gammafunk_ghost_cemetery, uniq_bai_suzhen,
          uniq_aizul, uniq_kirke
Snake:4:  johnstein_snake_rune_scales, layout_cave_town
Orc:1:    layout_caves, serial_shops, nicolae_shop_waterfront
Orc:2:    grunt_orc_gardens, layout_caves, grunt_orc_garden, grunt_orc_garden,
          grunt_orc_garden, grunt_orc_garden
Elf:1:    eino_elf_arrival_shootout, layout_loops_corners,
          hangedman_elf_disciples
Elf:2:    layout_loops_ring, serial_shops, shop, lemuel_elevator
Elf:3:    minmay_elf_hall, layout_geoelf_octagon, serial_shops,
          nicolae_shop_trees, minmay_shop_mass, elves_outpost_lemuel,
          uniq_asterion
Vaults:1: v_misc_9, nicolae_vaults_network_barrier, vaults_room_large_hall,
          grunt_vaults_diagonal, v_misc_8, vaults_mumra_chevron,
          grunt_vaults_hallway_short, v_misc_15, vaults_mumra_lcd,
          nicolae_vaults_little_squares_6, nicolae_vaults_diagonal_hallway_6,
          v_alt_pattern_2, layout_vaults_omnigrid
Vaults:2: nicolae_vaults_mini_display_case, v_pattern_3, v_misc_24, v_rooms_4,
          minmay_crypt_entry_simple_plaza, hangedman_vaults_snaps,
          ontoclasm_vaults_ring_large, ontoclasm_vaults_hangar, v_misc_17,
          nicolae_vaults_twisting_passages, v_misc_27,
          nicolae_vaults_shelves_hall, vaults_room_ringed_pool, st_cells,
          v_misc_22, layout_vaults_maze, serial_shops,
          nicolae_shop_temple_entry_statues_fountains,
          portal_desolation_entry_twin_temple, uniq_saint_roka
Vaults:3: nicolae_vaults_hallways_thing, hangedman_vaults_stretched_pinwheel,
          nicolae_vaults_diagonal_hallway_6, ontoclasm_vaults_shout,
          ontoclasm_vaults_pinch, v_rooms_3, v_misc_22, v_misc_5,
          vaults_dpeg_encased_lava, serial_ice_b, layout_vaults_big_room,
          serial_shops, nicolae_shop_waterfront
Vaults:4: nicolae_vaults_puzzle_piece, v_misc_14, st_star, v_misc_22, v_misc_24,
          v_misc_26, v_misc_25, hangedman_vaults_restitches,
          hangedman_vaults_maws, nicolae_vaults_shelves_hall,
          nicolae_vaults_ring_of_whatevers, v_misc_13, layout_vaults_omnibox,
          serial_shops, shop, uniq_mara
Vaults:5
Crypt:1:  lemuel_minitomb, layout_misc_corridors, columned_hall_lemuel,
          minigarden_bobbens
Crypt:2:  layout_catacombs, serial_sigils_hangedman_snap
Crypt:3:  due_elkab, layout_chaotic_city
Depths:1: layout_long_grid, basic_altar, minmay_room_of_horrors, hell_entry,
          st_stairs_4, minmay_serpent_palace
Depths:2: pf_snail_temple, layout_basic, pf_hell_entry_tar_river, uniq_nikola
Depths:3: evilmike_hourglass, layout_basic, enter_ziggurat_b, pan_entry,
          hell_entry, minmay_misc_feat_four_crosses
Depths:4: kennysheep_large_vault, layout_gridlike, grunt_hell_entry_dis_old,
          abyss_entry
Depths:5: grunt_zot_entry_hairpin, layout_gridlike, lightli_too_deep,
          minmay_strange_pillars
Zot:1:    layout_twisted_circle
Zot:2:    layout_misc_corridors, hangedman_snap_crack_crunch
Zot:3:    layout_concentric_octagons
Zot:4:    layout_gridville, gammafunk_ghost_split
Zot:5:    layout_misc_corridors


Message History

Your storm dragon breathes lightning at the Killer Klown.
The bolt of lightning hits the Killer Klown!!
The Killer Klown dies!
The Orb Guardian hits your shadow dragon but does no damage.
The quicksilver dragon breathes dispelling energy at your shadow dragon.
The bolt of dispelling energy hits your shadow dragon!!
Unknown command.
The quicksilver dragon misses your shadow dragon.
The quicksilver dragon barely misses your shadow dragon.
The Orb Guardian completely misses your shadow dragon.
Your shadow dragon closely misses the quicksilver dragon. x2
Your shadow dragon claws the quicksilver dragon but does no damage.
Your water elemental misses the Orb Guardian.
The black draconian seems to regain its courage.
The quicksilver dragon bites your shadow dragon!
The quicksilver dragon closely misses your shadow dragon.
Something hits your shadow dragon!
The black draconian breathes lightning at you.
The bolt of lightning hits you!!
You die...

Notes
Turn   | Place    | Note
-------+----------+-------------------------------------------
     0 | D:1      | bmfx the Minotaur Skald began the quest for the Orb.
     0 | D:1      | Reached XP level 1. HP: 18/18 MP: 1/1
   423 | D:1      | Reached XP level 2. HP: 25/25 MP: 3/3
   455 | D:1      | Learned a level 2 spell: Song of Slaying
  1181 | D:1      | Reached XP level 3. HP: 31/31 MP: 4/4
  1767 | D:2      | Reached XP level 4. HP: 33/41 MP: 5/5
  2048 | D:2      | Found a hide-covered altar of Uskayaw.
  2061 | D:2      | Became a worshipper of Uskayaw the Reveler
  2217 | D:2      | Found a hazy altar of Hepliaklqana.
  2401 | D:2      | Reached * piety under Uskayaw
  2455 | D:2      | Reached ** piety under Uskayaw
  2696 | D:3      | Noticed a bullfrog
  2702 | D:3      | Killed a bullfrog
  2702 | D:3      | Reached skill level 5 in Fighting
  2702 | D:3      | Reached skill level 5 in Axes
  2702 | D:3      | Reached XP level 5. HP: 48/48 MP: 6/6
  3188 | D:3      | Reached skill level 1 in Throwing
  3188 | D:3      | Reached XP level 6. HP: 39/56 MP: 7/7
  3188 | D:3      | Reached *** piety under Uskayaw
  3539 | D:3      | Found a basalt altar of Yredelemnul.
  4545 | D:4      | Reached XP level 7. HP: 62/63 MP: 8/8
  4614 | D:4      | Found a glowing golden altar of the Shining One.
  4657 | D:4      | Found a burning altar of Makhleb.
  4658 | D:4      | Found a stormy altar of Qazlal.
  5535 | D:5      | Entered Level 5 of the Dungeon
  5548 | D:5      | meem: I'm meem, an infobot run by MalcolmRoseGaming: Type
                  | !submeem to keep me in your games; !nomeem to shut me up
                  | forever; !meem for help; !whymeem if you want to know why
                  | meem exists. Visit http://youtube.com/malcolmrosegaming for
                  | more DCSS content.
  5840 | D:5      | Found a glowing drain.
  5872 | Sewer    | Entered a sewer
  5997 | Sewer    | Reached XP level 8. HP: 70/73 MP: 9/9
  6743 | D:5      | Found a shattered altar of Ashenzari.
  7430 | D:5      | Reached skill level 1 in Shields
  7441 | D:5      | Found Kumeifoo's Distillery.
  7446 | D:5      | Bought a potion of haste for 140 gold pieces
  7446 | D:5      | Bought a potion of berserk rage for 70 gold pieces
  7478 | D:6      | Found a sacrificial altar of Ru.
  8047 | D:6      | Reached skill level 5 in Shields
  8615 | D:7      | Reached **** piety under Uskayaw
  9043 | D:7      | Found Nukify's Assorted Antiques.
  9097 | D:6      | Reached XP level 9. HP: 75/81 MP: 10/10
  9206 | D:7      | Found a staircase to the Ecumenical Temple.
  9871 | D:6      | Reached skill level 5 in Invocations
 10478 | D:7      | Noticed a troll
 10534 | D:7      | Found a shimmering altar of Xom.
 10534 | D:7      | Found an iron altar of Okawaru.
 10536 | D:7      | Found a shimmering blue altar of Sif Muna.
 10536 | D:7      | Found a shadowy altar of Dithmenos.
 10538 | D:7      | Found an opulent altar of Gozag.
 11399 | D:7      | Bought a crooked bone wand for 108 gold pieces
 11443 | D:8      | Reached skill level 1 in Evocations
 11444 | D:8      | Reached XP level 10. HP: 78/88 MP: 13/13
 11453 | D:7      | Reached skill level 5 in Armour
 11934 | D:7      | Found a shimmering altar of Xom.
 11936 | D:7      | Found an iron altar of Okawaru.
 11938 | D:7      | Found a shimmering blue altar of Sif Muna.
 11939 | D:7      | Found a shadowy altar of Dithmenos.
 11940 | D:7      | Found an opulent altar of Gozag.
 12591 | D:8      | Found Jyur's Food Emporium.
 12984 | D:8      | Found an opulent altar of Gozag.
 13502 | D:9      | Reached ***** piety under Uskayaw
 13612 | D:9      | Found a shadowy altar of Dithmenos.
 13769 | D:9      | Reached skill level 5 in Evocations
 13792 | D:9      | Reached ****** piety under Uskayaw
 14005 | D:9      | Found a staircase to the Lair.
 14159 | D:9      | Found Isheunen's Antique Weapon Boutique.
 14295 | D:9      | Noticed a two-headed ogre
 14305 | D:9      | Killed a two-headed ogre
 14305 | D:9      | Reached XP level 11. HP: 94/94 MP: 13/15
 14640 | D:10     | Entered Level 10 of the Dungeon
 14640 | D:10     | Found Miexzyud's Gadget Boutique.
 14640 | D:10     | Found the +9 staff of Wucad Mu {channel}
 14679 | D:10     | Noticed a two-headed ogre
 14844 | D:10     | Killed a two-headed ogre
 14893 | D:10     | Identified a scroll of acquirement
 14895 | D:10     | Got a translucent battleaxe
 15329 | D:10     | Noticed Grum
 15347 | D:10     | Killed Grum
 15464 | D:10     | Noticed a white ugly thing
 15531 | D:10     | Identified the +10 battleaxe "Ifiuwed" {antimagic, *Contam
                  | rPois rF+ rN++} (You acquired it on level 10 of the
                  | Dungeon)
 15562 | D:10     | Noticed Erolcha
 15592 | D:10     | Killed Erolcha
 15662 | D:10     | Noticed a sixfirhy
 15942 | D:10     | Found an ancient bone altar of Kikubaaqudgha.
 16040 | D:10     | Killed a white ugly thing
 16040 | D:10     | Reached skill level 10 in Fighting
 16040 | D:10     | Reached skill level 10 in Axes
 16316 | D:11     | Found a burning altar of Makhleb.
 17156 | D:9      | Found a staircase to the Orcish Mines.
 17336 | Lair:1   | Entered Level 1 of the Lair of Beasts
 17516 | Lair:1   | Reached XP level 12. HP: 86/106 MP: 5/17
 17534 | Lair:1   | Reached skill level 5 in Throwing
 19019 | Lair:2   | Noticed a six-headed hydra
 19026 | Lair:2   | Killed a six-headed hydra
 20365 | Lair:3   | Found a staircase to the Shoals.
 20985 | Lair:3   | Noticed a five-headed hydra
 20985 | Lair:3   | Noticed a dire elephant
 20987 | Lair:3   | Killed a five-headed hydra
 20995 | Lair:3   | Killed a dire elephant
 21364 | Lair:4   | Noticed a seven-headed hydra
 21560 | Lair:4   | Killed a seven-headed hydra
 21631 | Lair:4   | Reached skill level 10 in Throwing
 21793 | Lair:4   | Reached XP level 13. HP: 113/113 MP: 6/18
 21925 | Lair:4   | Found a staircase to the Snake Pit.
 22438 | Lair:4   | Noticed a fire dragon
 22457 | Lair:4   | Killed a fire dragon
 23034 | Lair:5   | Noticed Snorg
 23045 | Lair:5   | Killed Snorg
 23139 | Lair:5   | Found a staircase to the Slime Pits.
 23541 | Lair:5   | Reached skill level 15 in Axes
 23827 | Lair:6   | Entered Level 6 of the Lair of Beasts
 24831 | Lair:6   | Reached XP level 14. HP: 69/121 MP: 6/19
 28153 | D:13     | Found a runed translucent door.
 28174 | D:13     | Found a runed translucent door.
 28185 | D:13     | Found a runed translucent door.
 28198 | D:13     | Found a runed translucent door.
 28441 | D:13     | Noticed Riadimal's ghost (journeyman HOFi)
 28604 | D:13     | Found a transporter.
 28604 | D:13     | Found a transporter.
 29476 | D:14     | Reached XP level 15. HP: 88/126 MP: 6/20
 29631 | D:14     | Found a gate to the Vaults.
 29655 | D:14     | Found a white marble altar of Elyvilon.
 29797 | D:14     | Noticed Jorgrun
 29810 | D:14     | Killed Jorgrun
 29810 | D:14     | Reached skill level 10 in Armour
 30290 | D:15     | Entered Level 15 of the Dungeon
 30729 | D:15     | Found a staircase to the Depths.
 31792 | Orc:1    | Entered Level 1 of the Orcish Mines
 31821 | Orc:1    | Found Jips's Weapon Emporium.
 32000 | Orc:2    | Entered Level 2 of the Orcish Mines
 32000 | Orc:2    | Found Mintu's General Store.
 32360 | Orc:2    | Found a staircase to the Elven Halls.
 33162 | Orc:2    | Found Hunokk's Book Boutique.
 33168 | Orc:2    | Found Viusiamu's Antique Armour Boutique.
 33301 | Orc:2    | Bought a potion of heal wounds for 65 gold pieces
 33301 | Orc:2    | Bought 2 potions of curing for 78 gold pieces
 33755 | Orc:2    | Found Geib's Antique Weapon Shop.
 34039 | Orc:2    | Bought a pair of runed boots for 172 gold pieces
 34044 | Orc:2    | Bought a runed chain mail for 172 gold pieces
 34345 | Snake:1  | Entered Level 1 of the Snake Pit
 35360 | Snake:1  | Reached XP level 16. HP: 99/146 MP: 7/21
 36297 | Snake:2  | Reached skill level 15 in Fighting
 36608 | Snake:2  | Found a runed translucent gate.
 36608 | Snake:2  | Found a runed translucent gate.
 36608 | Snake:2  | Found a runed translucent gate.
 36818 | Snake:2  | Identified Roxanne's Incunabulum of Shape Shifting
 36818 | Snake:2  | Noticed Roxanne
 37592 | Snake:2  | Got a heavily runed cloak
 37603 | Snake:2  | Identified the +0 cloak of Trog's Brutal Revenge {+Fly rN+
                  | MP-9 Str+3} (You found it on level 2 of the Snake Pit)
 38157 | Snake:3  | Noticed Bai Suzhen
 38207 | Snake:3  | Killed Bai Suzhen
 38207 | Snake:3  | Reached skill level 15 in Armour
 38554 | Snake:3  | Noticed Aizul
 38574 | Snake:3  | Killed Aizul
 39019 | Snake:3  | Noticed Kirke
 39034 | Snake:3  | Killed Kirke
 39034 | Snake:3  | Reached skill level 5 in Dodging
 39082 | Snake:3  | Found a runed translucent gate.
 39082 | Snake:3  | Found a runed translucent gate.
 39083 | Snake:3  | Found a runed translucent gate.
 39083 | Snake:3  | Noticed Musoz's ghost (adept MfIE)
 39083 | Snake:3  | Noticed Suukk's ghost (adept MfIE)
 39391 | Snake:4  | Entered Level 4 of the Snake Pit
 39393 | Snake:4  | beem: I am beem. For help, type: !beem
 40496 | Snake:4  | Reached XP level 17. HP: 126/155 MP: 1/22
 41439 | Snake:4  | Reached skill level 10 in Dodging
 43589 | Snake:4  | Got a serpentine rune of Zot
 44151 | Shoals:1 | Entered Level 1 of the Shoals
 44264 | Shoals:1 | Found a frozen archway.
 44280 | IceCv    | Entered an ice cave
 45071 | IceCv    | Noticed an Ice Fiend
 45071 | IceCv    | Noticed an Ice Fiend
 45087 | IceCv    | Killed an Ice Fiend
 45091 | IceCv    | Killed an Ice Fiend
 46526 | Shoals:2 | Noticed a kraken
 47320 | Shoals:2 | Killed a kraken
 47320 | Shoals:2 | Reached skill level 10 in Invocations
 47320 | Shoals:2 | Reached XP level 18. HP: 134/163 MP: 8/24
 48594 | Shoals:4 | Entered Level 4 of the Shoals
 49519 | Shoals:4 | Got a barnacled rune of Zot
 50196 | Shoals:4 | Noticed Ilsuiw
 50211 | Shoals:4 | Killed Ilsuiw
 50893 | Elf:1    | Entered Level 1 of the Elven Halls
 51624 | Elf:1    | Reached skill level 15 in Dodging
 51675 | Elf:1    | You fall into a shaft and drop 1 floor!
 51675 | Elf:2    | Found Dumyff's Antique Armour Emporium.
 51753 | Elf:2    | Bought an ichor-stained plate armour for 868 gold pieces
 51753 | Elf:2    | Identified the +5 plate armour "Corot" {Stlth+} (You bought
                  | it in a shop on level 2 of the Elven Halls)
 51754 | Elf:2    | Bought a spiked chain mail for 294 gold pieces
 51754 | Elf:2    | Identified the +3 chain mail of Lairos {*Corrode +Fly rF+++
                  | MR+} (You bought it in a shop on level 2 of the Elven
                  | Halls)
 52243 | Elf:1    | Cast into level 3 of the Abyss (+0 trident of distortion)
 52448 | Abyss:3  | Reached XP level 19. HP: 79/153 MP: 2/28
 52734 | Elf:1    | Escaped the Abyss
 53840 | Elf:2    | Found a runed translucent gate.
 53840 | Elf:2    | Found a runed translucent gate.
 53864 | Elf:2    | Found a runed translucent gate.
 55092 | Elf:3    | Entered Level 3 of the Elven Halls
 55092 | Elf:3    | Noticed Asterion
 55100 | Elf:3    | Killed Asterion
 55518 | Elf:3    | Found Orphalug's Weapon Shoppe.
 55553 | Elf:3    | Found Faick's Mass Market.
 56597 | Elf:3    | Reached XP level 20. HP: 155/187 MP: 9/29
 57248 | Elf:3    | Found the +6 shillelagh "Devastator" {shatter}
 57276 | Elf:3    | Identified the cursed +0 chain mail of the Onion {rElec rF+
                  | Regen+ Str+2 Stlth-} (You found it on level 3 of the Elven
                  | Halls)
 57308 | Elf:3    | Identified the amulet "Yrejyxig" {+Rage Int+7} (You found
                  | it on level 3 of the Elven Halls)
 57312 | Elf:3    | Identified the ring "Wiumewer" {Fire Stlth+} (You found it
                  | on level 3 of the Elven Halls)
 57342 | Elf:3    | Identified the Collected Works on Icy Sinister Magic
 57355 | Elf:3    | Identified the Volume of Mana
 57763 | Vaults:1 | Entered Level 1 of the Vaults
 59871 | Vaults:2 | Reached skill level 15 in Invocations
 59891 | Vaults:2 | Found Loemall's Antique Weapon Emporium.
 59927 | Vaults:2 | Found a ruined gateway.
 59999 | Desolati | Entered the Desolation of Salt
 60197 | Desolati | Identified the +7 battleaxe of Punishment {freeze, Fragile
                  | +Fly Int+3} (You found it in the Desolation of Salt)
 60294 | Desolati | Got a faintly humming ring mail
 60295 | Desolati | Identified the +1 ring mail of Failure {SInv} (You found it
                  | in the Desolation of Salt)
 60303 | Desolati | Identified the Disquisition on the Shifting Voyage
 60606 | Desolati | Identified the +7 chain mail of Idealism {rN+} (You found
                  | it in the Desolation of Salt)
 60902 | Desolati | Reached XP level 21. HP: 187/201 MP: 10/31
 62090 | Vaults:2 | Noticed Saint Roka
 62118 | Vaults:2 | Killed Saint Roka
 62235 | Vaults:2 | Found a staircase to the Crypt.
 64664 | Vaults:3 | Found Yreph's Distillery.
 64675 | Vaults:3 | Bought a potion of curing for 36 gold pieces
 64675 | Vaults:3 | Bought a potion of resistance for 120 gold pieces
 64675 | Vaults:3 | Bought a potion of curing for 36 gold pieces
 64675 | Vaults:3 | Bought a potion of cancellation for 96 gold pieces
 64675 | Vaults:3 | Bought a potion of curing for 36 gold pieces
 64675 | Vaults:3 | Bought a potion of agility for 48 gold pieces
 64675 | Vaults:3 | Bought a potion of curing for 36 gold pieces
 66106 | Vaults:4 | Reached XP level 22. HP: 180/209 MP: 10/32
 66526 | Vaults:4 | Found Feecwine's Antique Weapon Emporium.
 66574 | Vaults:4 | Noticed Mara
 66594 | Vaults:4 | Noticed bmfx's illusion
 66617 | Vaults:4 | Noticed bmfx's illusion
 67103 | Vaults:4 | Killed Mara
 67183 | Vaults:4 | Upgraded the game from 0.25-a0-98-g0cf78c2f83 to
                  | 0.25-a0-100-g33052ceff8
 67309 | Crypt:1  | Entered Level 1 of the Crypt
 68178 | Crypt:1  | Noticed a greater mummy
 68187 | Crypt:1  | Killed a greater mummy
 69733 | Crypt:3  | Entered Level 3 of the Crypt
 71042 | Crypt:3  | Found a staircase to the Tomb.
 71215 | Crypt:3  | Reached XP level 23. HP: 198/223 MP: 11/33
 72209 | Crypt:3  | Got a slimy graven amulet
 72210 | Crypt:3  | Identified the amulet of Uten {Regen+ Int+5 Slay+6 Stlth-}
                  | (You found it on level 3 of the Crypt)
 72451 | D:13     | Killed Riadimal's ghost
 72718 | Depths:1 | Entered Level 1 of the Depths
 72911 | Depths:1 | Found a bloodstained altar of Trog.
 72915 | Depths:1 | Found a gateway to Hell.
 73910 | Depths:1 | Found a one-way gate to the infinite horrors of the Abyss.
 74222 | Depths:2 | Noticed Nikola
 74229 | Depths:2 | Killed Nikola
 74442 | Depths:2 | Reached skill level 15 in Throwing
 74630 | Depths:2 | Reached XP level 24. HP: 228/233 MP: 11/33
 74969 | Depths:2 | Found a snail-covered altar of Cheibriados.
 75248 | Depths:3 | You fall into a shaft and drop 2 floors!
 75248 | Depths:5 | Entered Level 5 of the Depths
 75946 | Depths:3 | Found a gateway to a ziggurat.
 76202 | Depths:3 | Found a one-way gate leading to the halls of Pandemonium.
 76352 | Depths:3 | Noticed a juggernaut
 76390 | Depths:3 | Killed a juggernaut
 76605 | Depths:3 | Identified Kitsu's Grimoire of Talismans
 77402 | Depths:4 | Noticed a juggernaut
 77416 | Depths:4 | Killed a juggernaut
 77416 | Depths:4 | Reached XP level 25. HP: 228/239 MP: 11/35
 77596 | Depths:4 | Identified the ring of the Original Sin {Fire Dex+7 Stlth+}
                  | (You found it on level 4 of the Depths)
 79100 | Depths:5 | Found a gate to the Realm of Zot.
 79468 | Depths:5 | Identified Qudayf's Disquisition on Black Arts and Fire
 80226 | Vaults:5 | Entered Level 5 of the Vaults
 80271 | Vaults:5 | Reached XP level 26. HP: 117/249 MP: 12/36
 81178 | Vaults:5 | Got a silver rune of Zot
 81428 | Vaults:5 | Noticed an ancient lich
 81439 | Vaults:5 | Killed an ancient lich
 81814 | Vaults:5 | Identified the ring "Nyrphit" {MR+ Int+2} (You found it on
                  | level 5 of the Vaults)
 81990 | Vaults:5 | Identified the Reference Book on the Boosting Volcanoes
 81997 | Vaults:5 | Identified Wucwiaj's Disquisition on the Fiery Glacier
 82514 | Zot:1    | Entered Level 1 of the Realm of Zot
 83460 | Zot:2    | Noticed an ancient lich
 83468 | Zot:2    | Killed an ancient lich
 83709 | Zot:2    | Reached XP level 27. HP: 261/261 MP: 12/36
 84087 | Zot:2    | Noticed an orb of fire
 84093 | Zot:2    | Gained mutation: You are weak. (Str -2) [an orb of fire]
 84094 | Zot:2    | Killed an orb of fire
 85863 | Zot:4    | Found a runed translucent gate.
 85863 | Zot:4    | Found a runed translucent gate.
 85863 | Zot:4    | Found a runed translucent gate.
 85863 | Zot:4    | Noticed Ipsuc's ghost (master SpCK)
 86762 | Zot:5    | Entered Level 5 of the Realm of Zot
 87525 | Zot:5    | Noticed an orb of fire
 87533 | Zot:5    | Noticed an ancient lich
 87551 | Zot:5    | Gained mutation: You tend to lose your temper in combat.
                  | [an orb of fire]
 87559 | Zot:5    | Gained mutation: You are dopey. (Int -2) [an orb of fire]
 87568 | Zot:5    | Gained mutation: You are very weak. (Str -4) [an orb of
                  | fire]
 87573 | Zot:5    | Killed an orb of fire
 87586 | Zot:5    | Killed an ancient lich
 87639 | Zot:1    | Lost mutation: You are very weak. (Str -4) [potion of
                  | mutation]
 87639 | Zot:1    | Lost mutation: You are weak. (Str -2) [potion of mutation]
 87639 | Zot:1    | Gained mutation: You are very dopey. (Int -4) [potion of
                  | mutation]
 87639 | Zot:1    | Gained mutation: You are partially covered in rugged brown
                  | scales. (AC +1, +3% HP) [potion of mutation]
 88101 | Zot:5    | Noticed an orb of fire
 88109 | Zot:5    | Killed an orb of fire
 88142 | Zot:5    | Noticed an orb of fire
 88149 | Zot:5    | Gained mutation: You are weak. (Str -2) [an orb of fire]
 88153 | Zot:5    | Killed an orb of fire
 88343 | Zot:5    | Noticed an ancient lich
 88352 | Zot:5    | Killed an ancient lich
 88882 | Zot:5    | Lost mutation: You are very dopey. (Int -4) [potion of
                  | mutation]
 88882 | Zot:5    | Lost mutation: You tend to lose your temper in combat.
                  | [potion of mutation]
 88882 | Zot:5    | Lost mutation: You are dopey. (Int -2) [potion of mutation]
 88882 | Zot:5    | Gained mutation: Your magical capacity is low. (-10% MP)
                  | [potion of mutation]
 88882 | Zot:5    | Gained mutation: Your movements are slightly less
                  | encumbered by armour. (ER -2) [potion of mutation]
 88908 | Zot:5    | Noticed an orb of fire
 88912 | Zot:5    | Noticed an orb of fire
 88913 | Zot:5    | Noticed an orb of fire
 88914 | Zot:5    | Gained mutation: Your spells are a little easier to cast,
                  | but a little less powerful. [an orb of fire]
 88919 | Zot:5    | Gained mutation: Your body sometimes deteriorates upon
                  | taking damage. [an orb of fire]
 88919 | Zot:5    | Noticed an orb of fire
 88923 | Zot:5    | Killed an orb of fire
 88934 | Zot:5    | Killed an orb of fire
 88940 | Zot:5    | Killed an orb of fire
 88941 | Zot:5    | Gained mutation: Your body often deteriorates upon taking
                  | damage. [an orb of fire]
 88951 | Zot:5    | Killed an orb of fire
 88969 | Zot:5    | Killed from afar by a black draconian
